[Event "44th Chess Olympiad Women 2022"]
[Site "Chennai"]
[Date "2022.07.30"]
[Round "2.29"]
[White "Georgescu, Lena"]
[Black "Enomah Emmanuella Trust"]
[Result "1-0"]
[ECO "B81"]
[WhiteElo "2279"]
[BlackElo "1901"]
[Annotator "TA"]
[PlyCount "61"]
[EventDate "2022.07.29"]
[EventType "team-tourn"]
[EventCountry "IND"]
[SourceTitle "playchess.com"]
[Source "ChessBase"]
[SourceQuality "1"]
[WhiteTeam "Switzerland"]
[BlackTeam "Nigeria"]
[WhiteTeamCountry "SUI"]
[BlackTeamCountry "NGR"]
[TimeControl "40/5400+30:1800+30"]

1. e4 c5 2. Nf3 e6 3. d4 cxd4 4. Nxd4 Nf6 5. Nc3 d6 6. g4 Be7 7. g5 Nfd7 8. h4 a6 9. Be3 {[%emt 0:01:29] B81: Sicilian Scheveningen: Keres Attack.} Qc7 10. h5 {[%emt 0:05:39] White is much more active.} Nc6 (10... b5 $142) 11. Qd2 (11. f4 $142) 11... b5 $16 12. O-O-O Bb7 13. a3 Nde5 (13... Nc5 $16) 14. f4 $18 Nd7 {[%emt 0:11:02] [#]} 15. Be2 $146 (15. f5 $18 Nxd4 16. Qxd4 (16. Bxd4 exf5 17. Bg2 fxe4 $16)) ({Predecessor:} 15. Bh3 Nc5 16. b3 f5 17. Nxe6 Nxe6 18. Nd5 Qb8 19. Bxf5 Ncd8 20. h6 gxh6 21. Rxh6 Bxd5 22. Qxd5 Ng7 23. Rxh7 Rxh7 24. Bxh7 Nf7 25. Bg6 {1-0 (26) Chkhaidze,N (2203)-Kakkanas,E (2009) Hastings 2008}) 15... O-O-O (15... Nc5 $16) 16. Kb1 {[%emt 0:00:53][%cal Oe2b5] Black must now prevent Bxb5!} Nc5 17. Nb3 (17. Rhf1 $142) 17... b4 (17... h6 $16) 18. axb4 Nxb3 (18... Nxb4 $142 19. Qd4 Nxb3 20. Qxb4 Nc5) 19. cxb3 Nxb4 20. Rc1 Nc6 $2 {[%emt 0:07:25] [#]} (20... Kd7 21. Nd5 Qa5 22. Nxb4 Bxe4+ 23. Bd3 Bxd3+ 24. Nxd3 (24. Qxd3 Qxb4 25. Bd4 Qb5 $14) 24... Qxd2 25. Bxd2 h6) 21. Nd5 $1 exd5 22. exd5 Kb8 23. dxc6 Bxc6 24. Bf3 d5 25. Qd4 {[%emt 0:00:50][%cal Oc1c6] Intending Rxc6! and mate.} Bf8 {[%emt 0:03:44] [#]} 26. Rxc6 $1 {[%emt 0:00:32][%mdl 512] White mates.} Qxc6 27. Qa7+ Kc8 28. Rc1 Qxc1+ 29. Kxc1 Rd6 30. Bg4+ Kd8 31. Qb8+ {[%emt 0:00:25] Weighted Error Value: White=0.19 (very precise) /Black=0.86} (31. Bb6+ $142 Ke8 32. Qb8+ Ke7 {[#]} 33. Bd8+ $1 Ke8 34. Bf6+ Rd8 35. Qxd8#) 1-0

[Event "44th Chess Olympiad Women 2022"]
[Site "Chennai"]
[Date "2022.07.30"]
[Round "2.29"]
[White "Stoeri, Laura"]
[Black "Suleiman Azumi Ayisha"]
[Result "1-0"]
[ECO "B92"]
[WhiteElo "2084"]
[BlackElo "1833"]
[Annotator "TA"]
[PlyCount "71"]
[EventDate "2022.07.29"]
[EventType "team-tourn"]
[EventCountry "IND"]
[SourceTitle "playchess.com"]
[Source "ChessBase"]
[SourceQuality "1"]
[WhiteTeam "Switzerland"]
[BlackTeam "Nigeria"]
[WhiteTeamCountry "SUI"]
[BlackTeamCountry "NGR"]
[TimeControl "40/5400+30:1800+30"]

1. e4 c5 2. Nf3 d6 3. d4 cxd4 4. Nxd4 Nf6 5. Nc3 a6 6. Be2 e5 7. Nb3 b5 8. Be3 {[%emt 0:08:50] B92: Sicilian Najdorf: 6 Be2.} Bb7 9. Nd5 Nxd5 10. exd5 {[%emt 0:00:06] The position is equal.} Nd7 11. O-O Be7 {[%emt 0:03:40] [#]} 12. Qd2 $146 {[%emt 0:11:12] Threatening Na5.} ({Predecessor:} 12. a4 b4 13. c4 bxc3 14. bxc3 Rc8 15. c4 f5 16. Bd2 Nc5 17. Nxc5 Rxc5 18. Rb1 {1-0 (33) Funes Ostos,A (2042)-Vargas Rodriguez,G (1723) Canovelles 2022}) 12... Nf6 13. c4 $36 {[%emt 0:01:06][%mdl 2048] White has good play.} bxc4 14. Bxc4 O-O 15. Na5 Qd7 16. h3 Ne4 17. Qb4 Rfb8 18. Qa3 Rc8 (18... Bd8 $11 {remains equal.}) 19. Rfd1 Nf6 20. Rac1 h6 21. Qb3 ({Reject} 21. Nxb7 Qxb7 22. Qa4 Rc7 $14) 21... Rcb8 22. Qc2 Rc8 23. Nc6 Bf8 24. Bb3 {[%emt 0:01:31][%cal Bc4b3,Bb3a4,Ba4c6,Bc6d7,Bd7f5][%mdl 32] White is much more active.} Kh8 {[%emt 0:05:29] [#] A mistake that costs the game.} (24... a5 $16) 25. Ba4 $1 $18 g6 (25... Bxc6 {might work better.} 26. Bxc6 (26. dxc6 Qc7 $16) 26... Qd8) 26. Qb3 Bxc6 27. Bxc6 Qd8 28. Bb6 Rab8 $2 (28... Qe7 29. Bxa8 Rxa8) 29. Bxd8 {[%emt 0:00:18] This bishop pair is nice.} Rxb3 30. Bxf6+ Kh7 31. axb3 g5 32. Bd7 Rb8 33. Bf5+ Kg8 34. Rc8 Rb7 35. Rdc1 Rxb3 {[%emt 0:00:32] [#]} 36. Rxf8+ $1 {[%emt 0:00:13] Weighted Error Value: White=0.04 (flawless) /Black=0.69} 1-0

[Event "44th Chess Olympiad Women 2022"]
[Site "Chennai"]
[Date "2022.07.30"]
[Round "2.29"]
[White "Ogbiyoyo, Perpetual Eloho"]
[Black "De Seroux, Camille"]
[Result "1-0"]
[ECO "B21"]
[WhiteElo "1886"]
[BlackElo "2106"]
[Annotator "TA"]
[PlyCount "79"]
[EventDate "2022.07.29"]
[EventType "team-tourn"]
[EventCountry "IND"]
[SourceTitle "playchess.com"]
[Source "ChessBase"]
[SourceQuality "1"]
[WhiteTeam "Nigeria"]
[BlackTeam "Switzerland"]
[WhiteTeamCountry "NGR"]
[BlackTeamCountry "SUI"]
[TimeControl "40/5400+30:1800+30"]

1. e4 c5 2. f4 Nc6 3. Nf3 g6 4. Bb5 Bg7 5. Bxc6 bxc6 6. O-O c4 {[%emt 0:08:25] B21: Sicilian: 2 f4 and Morra Gambit.} 7. Nc3 d6 8. d4 cxd3 {[%emt 0:01:06] The position is equal.} 9. cxd3 c5 10. Be3 Nf6 11. h3 O-O {[%emt 0:03:39] [#]} 12. Qd2 $146 ({Predecessor:} 12. d4 Nd7 13. Qd2 Rb8 14. Rfd1 Nb6 15. Qe2 cxd4 16. Nxd4 Bb7 17. e5 Nd5 18. Ndb5 dxe5 19. Nxd5 Bxd5 20. Bxa7 {0-1 (30) Congiu,M (2105)-Bartel,M (2069) Urgup 2004}) 12... Rb8 13. Rad1 Qc7 14. Qf2 Ba6 15. Rfe1 Rfd8 (15... Bb7 $11) 16. g4 ({Better is} 16. e5 $16 Ne8 17. d4) 16... Qb7 17. Bc1 Qc8 18. Qg3 (18. f5 $14) 18... Rb7 19. e5 (19. f5 $11 {keeps the balance.}) 19... dxe5 $17 20. fxe5 (20. Nxe5 $142 Nd7 21. Nf3) 20... Nd5 21. Ng5 {[%emt 0:02:44] [#]} Nb4 $1 {[%emt 0:09:58] ...h6 is the strong threat.} 22. Qf3 (22. Qh4 $17 h6 23. e6 Bd4+ 24. Be3 hxg5 25. exf7+ Kg7 26. Qxg5) 22... e6 $19 ({Not} 22... Nxd3 23. Qxf7+ Kh8 24. Re3 (24. Ne6 Rg8 $11) 24... Nxc1 25. Rxd8+ (25. Rxc1 Rf8 $15) 25... Qxd8 26. Qe6 $11) 23. Nce4 (23. Nge4 {was called for.} Nxd3 24. Nf6+ Kh8 25. Nce4) 23... Bxe5 $2 ({Black should play} 23... h6 $19 24. a3 Nxd3 25. Nf6+ Kh8) 24. Nf6+ $15 Bxf6 25. Qxf6 Rxd3 (25... Nxd3 $2 26. Ne4 Qd7 27. Qh4 $18) (25... Nxa2 $2 26. Bf4 Rd5 27. Ne4 $18 (27. Be5 Rxe5 28. Qxe5 Qb8 $11)) ({Black should try} 25... Bxd3 $17 {aiming for ...Nd5.} 26. b3 Nd5) 26. Ne4 $1 $11 {[%emt 0:01:41] White threatens Bh6 and mate.} Rbd7 $2 {[%emt 0:00:49][%mdl 8192] [#] This costs Black the game.} (26... Nd5 $11 27. Qe5 Qf8) 27. Bh6 $1 Qf8 28. Bxf8 Kxf8 {[%emt 0:00:05] [#]} 29. Rxd3 (29. Nxc5 $142 $1 Ke8 (29... Bc4 30. Nxd7+) 30. Nxe6 R7d6 31. Nc5+ Re6 32. Nxe6 Rg3+ 33. Kh2 Rg2+ 34. Kxg2 Bb7+ 35. Kg3 Nc6 36. Ng5+ Kf8 37. Qxf7#) 29... Nxd3 $18 30. Rd1 c4 31. Qh8+ Ke7 32. Qxh7 Rb7 33. Qh4+ Kf8 34. Qd8+ Kg7 35. Qd4+ (35. Nf6 $142 Rb8 36. Ne8+ Kf8 37. Qxb8 Ke7 38. Nd6 e5 39. Ne4 f6 40. Qd6+ Ke8 41. Qc7) 35... Kf8 36. Qd6+ {[%emt 0:00:05] White mates.} Kg7 37. Qxa6 Rxb2 38. Qxc4 Ne5 39. Qc3 Rb5 40. a4 {[%emt 0:00:11] Weighted Error Value: White=0.38/Black=0.78} 1-0

[Event "44th Chess Olympiad Women 2022"]
[Site "Chennai"]
[Date "2022.07.30"]
[Round "2.30"]
[White "Sinitsina, Anastassia"]
[Black "Junior, Ednasia"]
[Result "1-0"]
[ECO "B42"]
[WhiteElo "2175"]
[BlackElo "1849"]
[Annotator "TA"]
[PlyCount "69"]
[EventDate "2022.07.29"]
[EventType "team-tourn"]
[EventCountry "IND"]
[SourceTitle "playchess.com"]
[Source "ChessBase"]
[SourceQuality "1"]
[WhiteTeam "Estonia"]
[BlackTeam "Angola"]
[WhiteTeamCountry "EST"]
[BlackTeamCountry "ANG"]
[TimeControl "40/5400+30:1800+30"]

1. e4 c5 2. Nf3 e6 3. d4 cxd4 4. Nxd4 a6 5. Bd3 Nf6 6. O-O Qc7 7. Qe2 d6 8. c4 Be7 9. Nc3 O-O {[%emt 0:00:30] 9...Nbd7 is the hot move.} 10. Be3 Nc6 {[%emt 0:10:00] B42: Sicilian: Kan Variation: 5 Bd3.} 11. f4 Bd7 12. Rac1 {[%emt 0:02:53] [#]} Nb4 $146 {[%emt 0:00:00] White is slightly better.} ({Predecessor:} 12... Rac8 13. a3 Nxd4 14. Bxd4 e5 15. Be3 exf4 16. Bxf4 Rfe8 17. Kh1 Bf8 18. Qf3 Bg4 19. Qg3 {1-0 (27) Babayan,A (2166)-Al Ali,A (1374) Sharjah 2017}) 13. Bb1 Qa5 (13... Nc6 $142) 14. g4 $16 g6 15. Nb3 Qc7 16. a3 Nc6 17. g5 (17. Qg2 $16) 17... Nh5 $14 {[%emt 0:06:51] [#]} 18. Nd5 $1 $36 {[%emt 0:00:18][%mdl 2048] White has some pressure.} exd5 19. cxd5 {[%emt 0:00:05][%mdl 64] Discovered Attack} Qd8 {[%emt 0:00:13] White now steadily converts the win.} 20. dxc6 $16 Bxc6 21. Nd4 {[%emt 0:00:37] Against Bb5} Bd7 (21... d5 $16 22. Nxc6 bxc6 23. Rxc6 d4) 22. Ba2 Rc8 23. Bd5 Rxc1 24. Rxc1 Bc8 25. Qc4 Bh3 (25... Nxf4 {is a better defense.} 26. Bxf4 Bxg5 27. Bxg5 Qxg5+ 28. Kh1 Bh3) 26. Qc7 $18 (26. Bxb7 Qd7 27. Nf5 gxf5 $17) 26... Qc8 {[%emt 0:03:42] [#] White must now prevent ...Qg4+.} 27. f5 {[%emt 0:04:36] Active counter play!} (27. Qxe7 Qg4+ 28. Kf2 Nxf4 $18) 27... Qd8 (27... Qe8 28. Ne6 gxf5) 28. f6 $2 (28. Ne6 Qxc7 29. Rxc7) 28... Bxf6 29. gxf6 Qxf6 30. Qc2 {[%emt 0:04:18] Qd2 is the strong threat.} ({Not} 30. Bxb7 Nf4 31. Qa5 (31. Bxa6 Qg5+ 32. Kf2 Qg2+ 33. Ke1 Qxe4 $17) 31... Rb8 32. Bxa6 (32. Qd2 $2 Qg5+ 33. Kh1 Bg2+ 34. Kg1 Nh3#) 32... Rxb2 $11) 30... Nf4 31. Qf2 ({Stronger than} 31. Bxb7 Qg5+ 32. Kf2 Qh4+ 33. Kg1 Rb8 $11) 31... Nxd5 32. exd5 Qe7 (32... Qe5 {was called for.} 33. Qg3 Bg4) 33. Qg3 Bc8 34. Bf2 Qe4 35. Qxd6 {[%emt 0:00:48] Weighted Error Value: White=0.35/Black=0.30} 1-0

[Event "44th Chess Olympiad Women 2022"]
[Site "Chennai"]
[Date "2022.07.30"]
[Round "2.30"]
[White "Blokhin, Sofia"]
[Black "Paulo, Jemima"]
[Result "1-0"]
[ECO "B76"]
[WhiteElo "1996"]
[BlackElo "1850"]
[Annotator "TA"]
[PlyCount "73"]
[EventDate "2022.07.29"]
[EventType "team-tourn"]
[EventCountry "IND"]
[SourceTitle "playchess.com"]
[Source "ChessBase"]
[SourceQuality "1"]
[WhiteTeam "Estonia"]
[BlackTeam "Angola"]
[WhiteTeamCountry "EST"]
[BlackTeamCountry "ANG"]
[TimeControl "40/5400+30:1800+30"]

1. e4 c5 2. Nf3 d6 3. d4 cxd4 4. Nxd4 Nf6 5. Nc3 g6 6. Be3 Bg7 7. f3 O-O 8. Qd2 Nc6 9. O-O-O d5 10. Kb1 {[%emt 0:00:51] [#]} Na5 $146 {[%emt 0:11:09] B76: Sicilian Dragon: Yugoslav Attack, 9 g4 and 9 0-0-0.} (10... Nxd4 $11 {keeps the balance.} 11. Bxd4 dxe4) ({Predecessor:} 10... Rb8 11. Ndb5 a6 12. Na7 e6 13. Qf2 Bd7 14. exd5 Nxd5 15. Nxd5 exd5 16. Rxd5 Qf6 17. c3 Be6 18. Nxc6 bxc6 {1-0 (33) Ivanchuk,V (2726)-Mamedov,R (2709) Huaian 2017}) 11. e5 $16 Nd7 12. Nxd5 {[%emt 0:12:40] 0x0.002363f4fecddp-1022s more active pieces. The black rooks are badly placed.} (12. f4 $142) 12... Nxe5 {[%emt 0:00:42] Threatens to win with ...Nec4. White is better.} 13. Nb3 (13. Nxe7+ $6 Qxe7 14. Qxa5 Nxf3 $1 $11) 13... Nac6 14. Qe1 Bf5 {[%emt 0:13:25][%cal Oe5d3] [#]} 15. Nf6+ $1 Bxf6 16. Rxd8 Rfxd8 17. Be2 Rac8 (17... b5 $16 18. Bxb5 Rac8) 18. g4 $1 $18 Be6 19. Nc5 Bd5 20. Rf1 (20. Nxb7 $18 Rf8 21. Qd2 Bxf3 22. Bxf3 Nxf3 23. Qg2) 20... Nc4 $14 21. Bxc4 Bxc4 22. Rh1 ({And not} 22. Nxb7 Rb8 23. Nxd8 Rxb2+ 24. Kc1 Nb4 $17) 22... Ne5 23. g5 (23. Ne4 $1 $16) 23... Nxf3 $11 24. Qg3 {[%emt 0:05:23] [#]} Nxg5 25. Bxg5 Bxg5 (25... Rxc5 $11 26. Bxf6 exf6) 26. Qxg5 $14 Rd5 {[%emt 0:00:06] [#]} (26... Bd5 $1 $14 27. Re1 Rxc5 28. Qxe7 Rdc8) 27. Qxe7 $1 $18 Rdxc5 {[%emt 0:04:49] [#]} 28. Rd1 $1 $36 {[%emt 0:00:17][%mdl 2048] Black must now prevent Rd8+. Keeping Black busy.} Rd5 {[%emt 0:17:14] Inhibits Rd8+.} (28... Kg7 $16 {is a better defense.}) 29. Re1 ({White should play} 29. Rxd5 $18 {And now Rd8+ would win.} Bxd5 30. Qd7) 29... Rd2 $14 30. Qxb7 Be6 31. c3 Bf5+ ({Black should try} 31... Rcd8 $14 32. a4 (32. Qxa7 {is a self mate.} Bf5+ 33. Kc1 Rc2+ 34. Kb1 Re2+ 35. Kc1 Rxe1#) 32... Kg7) 32. Ka1 $16 Rcd8 {[%emt 0:00:06] [#] ( -> ...Rd1+)} 33. a4 $1 Rxh2 (33... R2d7 $16 34. Qa6 h5) 34. Qxa7 $18 Bc2 35. Rf1 f5 36. Re1 Re2 $2 (36... Be4 37. a5 Rhd2) 37. Rxe2 {[%emt 0:00:16] Weighted Error Value: White=0.19 (very precise) /Black=0.40} 1-0

[Event "44th Chess Olympiad Women 2022"]
[Site "Chennai"]
[Date "2022.07.30"]
[Round "2.30"]
[White "Caxita, Esperanca"]
[Black "Olde, Margareth"]
[Result "0-1"]
[ECO "A04"]
[WhiteElo "1955"]
[BlackElo "2235"]
[Annotator "TA"]
[PlyCount "92"]
[EventDate "2022.07.29"]
[EventType "team-tourn"]
[EventCountry "IND"]
[SourceTitle "playchess.com"]
[Source "ChessBase"]
[SourceQuality "1"]
[WhiteTeam "Angola"]
[BlackTeam "Estonia"]
[WhiteTeamCountry "ANG"]
[BlackTeamCountry "EST"]
[TimeControl "40/5400+30:1800+30"]

1. e4 c5 2. Nc3 Nc6 3. Nf3 e6 4. d3 d6 5. g3 g6 6. Bg2 Bg7 7. O-O Nge7 8. Be3 O-O {[%emt 0:01:01] A04: Unusual lines after 1 Nf3 and King's Indian Attack.} 9. Qd2 Re8 10. Bh6 Bh8 {[%emt 0:00:24] The position is equal.} 11. Rab1 Rb8 12. a3 b5 {[%emt 0:01:13] [#]} 13. Qf4 $146 ({Predecessor:} 13. h4 b4 14. Ne2 a5 15. h5 Ba6 16. Nh4 Qc7 17. Nf4 Ne5 18. hxg6 hxg6 19. Nh3 {0-1 (34) Lidman,S-Pettersson,T (2057) Dos Hermanas 2004}) 13... Nd4 14. Nxd4 cxd4 15. Ne2 Nc6 16. Qd2 Qc7 17. f4 f5 18. Rbe1 (18. exf5 $14 {was preferrable.} exf5 19. Rbe1) 18... Nd8 $11 19. exf5 gxf5 (19... Nf7 $11 {keeps the balance.} 20. Bg5 exf5) 20. Bg5 $16 Bb7 21. Nc1 ({White should try} 21. Bxb7 $16 Nxb7 22. g4) 21... Nf7 $11 22. Bh4 Bg7 23. Nb3 Nh8 24. Re2 Ng6 $1 25. Qb4 Bxg2 26. Rxg2 Qc6 27. Qe1 ({Avoid the trap} 27. Nxd4 $2 Qb6 28. c3 e5 29. Qb3+ Kh8 30. fxe5 dxe5 31. Qxb5 exd4 32. Qxb6 Rxb6 $19) 27... Nxh4 28. gxh4 Kh8 29. Qf2 Qd5 {[%emt 0:02:52] Black is more active.} 30. Qf3 Qxf3 (30... Qb7 {keeps more tension.} 31. Qh5 Rg8 32. Rff2 Rbf8) 31. Rxf3 Rbc8 32. Re2 (32. h5 $15) 32... Kg8 $17 33. Kg2 Kf7 34. Rg3 Bf6 35. h5 e5 36. fxe5 (36. Kf3 $142) 36... dxe5 37. Kf3 Re7 38. Rg1 Re6 39. Rgg2 Bg7 $2 {[%emt 0:08:17] [#]} ({Better is} 39... Ke7 $19 {Threatens to win with ...Kd6.} 40. Kf2 Bh4+ 41. Kf1 Kd6) 40. Rg5 $11 ({Don't blunder} 40. Nxd4 $2 e4+ 41. Ke3 f4+ 42. Kxf4 Bxd4 $19) 40... Kf6 41. Rgg2 (41. Rxg7 $1 $11 Kxg7 42. Nxd4) 41... Bh6 $19 42. h3 Be3 43. c3 $2 {[%emt 0:00:00] [#]} (43. Kg3) 43... e4+ {[%emt 0:00:00] Black is clearly winning.} 44. dxe4 fxe4+ 45. Kg3 Rg8+ 46. Kh2 Bf4+ {[%emt 0:00:00] Weighted Error Value: White=0.39/Black=0.12 (very precise)} 0-1

[Event "44th Chess Olympiad Women 2022"]
[Site "Chennai"]
[Date "2022.07.30"]
[Round "2.30"]
[White "Pires, Luzia"]
[Black "Narva, Triin"]
[Result "1-0"]
[ECO "A48"]
[WhiteElo "1842"]
[BlackElo "2066"]
[Annotator "TA"]
[PlyCount "115"]
[EventDate "2022.07.29"]
[EventType "team-tourn"]
[EventCountry "IND"]
[SourceTitle "playchess.com"]
[Source "ChessBase"]
[SourceQuality "1"]
[WhiteTeam "Angola"]
[BlackTeam "Estonia"]
[WhiteTeamCountry "ANG"]
[BlackTeamCountry "EST"]
[TimeControl "40/5400+30:1800+30"]

1. d4 g6 2. Nf3 Bg7 3. e3 d6 4. Bd3 Nf6 5. Nbd2 O-O 6. O-O c5 7. b3 {[%emt 0:06:43] A48: 1 d4 Nf6 2 Nf3 g6: Torre, London and Colle Systems.} cxd4 8. exd4 Nc6 9. c3 {[%emt 0:01:54] [#] The position is equal.} Nd5 $146 ({Predecessor:} 9... e5 10. Re1 Re8 11. dxe5 dxe5 12. Ne4 Nxe4 13. Bxe4 Bg4 14. Bb2 f5 15. Bd5+ Kh8 16. Qd2 Bxf3 17. gxf3 Qh4 18. c4 Bh6 19. Qe2 Bf4 {0-1 (19) Becker,C (2006)-Calzetta Ruiz,M (2230) Colonia de Sant Jordi 2022}) 10. Bb2 Nf4 11. Bc2 Bg4 (11... e5 $1 $17) 12. h3 $11 Bc8 (12... Bh5 $15) 13. Kh2 Qd7 14. Ng1 d5 15. Ndf3 Qd6 (15... b5 {seems wilder.} 16. Re1 a5 17. Qd2 Qd6) 16. Kh1 Bd7 17. Re1 Rac8 18. a3 b5 19. Ne2 Nh5 20. Qd2 f5 21. Bd3 Nf6 22. Qf4 ({Of course not} 22. Bxb5 Ne4 23. Qf4 e5 $15) 22... Qxf4 (22... Na5 $11) 23. Nxf4 $14 Bh6 24. Ne2 {[%emt 0:04:51] White is more active.} ({White should try} 24. Bc1 $1 $16) 24... Ne4 $11 25. Kg1 Na5 26. Bc2 Be8 27. Rad1 Rf6 28. Rd3 Rb6 29. Red1 {[%emt 0:03:32] [#]} (29. Rdd1 $11) 29... Nc6 (29... Nc4 $1 $17 30. Bc1 (30. bxc4 $2 bxc4 31. Bc1 cxd3 $19) 30... Bxc1 31. Rxc1 Nxa3) 30. Bc1 Bg7 31. Nf4 Bf7 32. Re1 (32. b4 $15) 32... a5 ({Better is} 32... b4 $1 $17 {Strongly threatening ...Ra6.} 33. Ne2 Ra6) 33. Ne5 $2 ({White should play} 33. Ne2 $15) 33... Nxe5 $19 34. dxe5 Bxe5 ({And not} 34... Rxc3 35. Rxc3 Nxc3 36. Be3 $17) 35. Nxd5 Bxd5 (35... Rb7 $1 $17 {Threatens to win with ...e6.} 36. Bh6 e6) 36. Rxd5 $15 Bxc3 37. Red1 Nf6 {[%emt 0:00:09] Against g4} 38. Rd8+ Rxd8 39. Rxd8+ Kg7 40. Be3 Rc6 (40... Rd6 $15 41. Rxd6 exd6) 41. Bd3 $11 b4 42. a4 Be5 43. g3 {[%emt 0:00:00] Against f4} Rc3 44. Bc4 Bc7 45. Ra8 Bxg3 $1 46. Rxa5 {[%emt 0:00:00] aiming for Rb5.} Bd6 47. Rb5 f4 (47... Rc2 $1 $11 {remains equal.}) 48. Bd4 $16 {[%emt 0:00:00] This bishop pair is nice.} Rxh3 (48... Rc1+ $16 49. Kg2 Rd1) 49. Kg2 $18 Rh4 {[%emt 0:00:39][%cal Of4f3] [#] ...f3+! is the strong threat.} 50. f3 $1 {[%emt 0:00:00] Hoping for a5.} Rh5 (50... Kh6 {was worth a try.} 51. a5 Rh5 52. Rxh5+ gxh5) 51. Rxh5 gxh5 {[%emt 0:00:03][%mdl 4096] Endgame [#] KBB-KBN} 52. a5 $1 e5 53. Bg1 Ne8 54. a6 {[%emt 0:00:00] Threatening mate with a7.} Nc7 $2 (54... Bb8 55. a7 Bxa7 56. Bxa7 Nd6) 55. a7 {[%emt 0:00:00] White threatens Bd3 and mate.} Kf6 {[%emt 0:00:23] [#]} 56. Bd5 $1 h6 {[%emt 0:00:48] [#]} (56... Nxd5 57. a8=Q) 57. Bb6 $1 Nxd5 {[%emt 0:00:36] [#]} 58. a8=Q $1 {[%emt 0:00:00] What a bad dream for Black.  Weighted Error Value: White=0.23 (precise) /Black=0.46} 1-0

[Event "44th Chess Olympiad Women 2022"]
[Site "Chennai"]
[Date "2022.07.30"]
[Round "2.31"]
[White "Cori T., Deysi"]
[Black "Shabanaj, Eglantina"]
[Result "1-0"]
[ECO "A05"]
[WhiteElo "2371"]
[BlackElo "1940"]
[Annotator "TA"]
[PlyCount "73"]
[EventDate "2022.07.29"]
[EventType "team-tourn"]
[EventCountry "IND"]
[SourceTitle "playchess.com"]
[Source "ChessBase"]
[SourceQuality "1"]
[WhiteTeam "Peru"]
[BlackTeam "Albania"]
[WhiteTeamCountry "PER"]
[BlackTeamCountry "ALB"]
[TimeControl "40/5400+30:1800+30"]

1. Nf3 Nf6 2. b3 e6 3. Bb2 Be7 4. e4 {[%emt 0:04:36] [#]} Nxe4 $146 ({Predecessor:} 4... c5 5. Nc3 O-O 6. Bd3 Nc6 7. e5 Nd5 8. Ne4 Qc7 9. Neg5 h6 10. Ne4 Nf4 11. O-O Nxd3 12. cxd3 {½-½ (74) Rocek,V (1115)-Chura,M (1235) IECC email 2018}) 5. Bxg7 Rg8 6. Bb2 {[%emt 0:00:09] A05: Réti Opening: 1 Nf3 Nf6.} d5 7. d3 Nf6 ({Black should play} 7... Bf6 $11 8. Ne5 Nd7 9. dxe4 Nxe5) 8. Nbd2 {[%emt 0:01:45] White is slightly better.} Nbd7 9. g3 b6 10. Bg2 Bb7 11. a4 a5 12. Nd4 c5 {[%emt 0:14:39] Black is on the road to losing.} 13. Nb5 Bc6 14. Qe2 {[%emt 0:01:44] White is more active.} Bxb5 15. axb5 Qc7 16. c4 O-O-O (16... Rc8 $16 17. cxd5 Nxd5) 17. O-O $18 {[%emt 0:00:33] cxd5 is the strong threat.} Rde8 18. Rfe1 h5 19. Qf3 {[%emt 0:02:12][%cal Ob3b4] [#] Threatens to win with b4!} h4 (19... Rg5 $142 20. Qe2 Bd6) 20. cxd5 exd5 (20... Nxd5 21. Qxf7 Bf6) 21. b4 ({Not} 21. Rxe7 Rxe7 22. Bxf6 Nxf6 $18) 21... hxg3 22. hxg3 Bd8 23. Rec1 Ne5 24. Bxe5 Qxe5 25. bxc5 bxc5 26. Nc4 Qb8 (26... Qe2) 27. b6 Re6 28. Rxa5 Bxb6 29. Nxb6+ Rxb6 30. Raxc5+ Kd8 31. Bh3 {[%emt 0:01:21] Intending Rc8+ and mate.} Qe5 32. d4 Qxd4 33. Rc8+ Ke7 34. Qa3+ Rb4 35. Rxg8 (35. R1c7+ $142 Kd6 {[#]} 36. Rc4 $3 Qd1+ 37. Kh2 Qb3 38. Qa6+ Rb6 39. R4c6+ Ke5 40. Rxb6 Qxb6 41. Qxb6 Rxc8 42. Bxc8) 35... Ne4 36. Rc7+ Kf6 37. Qf3+ {[%emt 0:00:37] Weighted Error Value: White=0.26 (precise) /Black=0.72} 1-0